Map: 黑色燃烧-天梯版

Players

iGXY (XY)

  • Race: Terran Terran
  • League: Master

Cyan - Winner!

  • Race: Protoss Protoss
  • League: Master

Event: DreamHack SC2 Masters 2021 Winter

VOD

Have the link to the VOD?

Description

Time

  • Played on: Oct. 8, 2021, 8:17 a.m.
  • Length: 8:51

All games in this series

Show
View Real Time Build Order
Export as new Build Order

iGXY Terran 

Build Orders:  

Get SALT Encoding   

  12  0:00  SCV  
  13  0:12  SCV  
  14  0:18  Supply Depot  
  14  0:24  SCV  
  15  0:39  SCV  
  15  0:40  Barracks  
  16  0:46  Refinery  
  16  0:52  SCV  
  16  0:56  Refinery  
  17  1:04  SCV  
  18  1:16  SCV  
  19  1:27  Reaper  
  19  1:28  Orbital Command  
  20  1:39  Supply Depot  
  20  1:46  Factory  
  20  1:54  SCV  
  21  2:06  SCV  
  22  2:18  SCV, Barracks Reactor  
  23  2:30  Widow Mine, SCV  
  23  2:32  Starport  
  23  2:36  Barracks  
  26  2:37  Supply Depot  
  26  2:42  SCV  
  27  2:52  Widow Mine  
  27  2:54  Marine x2  
  31  2:59  SCV  
  32  3:08  Medivac  
  32  3:09  Supply Depot  
  32  3:12  Marine x2  
  36  3:16  Widow Mine  
  38  3:21  Armory  
  38  3:23  Barracks Tech Lab  
  38  3:30  Marine x2  
  40  3:44  Factory Tech Lab  
  40  3:45  Marine  
  40  3:47  Stimpack  
  40  3:48  Marine  
  42  3:57  Marine  
  42  4:00  Supply Depot  
  42  4:01  Supply Depot  
  43  4:03  Marine  
  43  4:04  Siege Tank  
  43  4:09  Supply Depot  
  47  4:21  Marine x3  
  50  4:36  Siege Tank  
  51  4:39  Marine x2  
  51  4:43  Medivac  
  55  4:47  Marine  
  55  4:50  Engineering Bay  
  56  4:57  Marine x2  
  56  5:08  Siege Tank  
  59  5:16  Marine x2  
  59  5:21  Marine  
  62  5:34  Marine  
  62  5:35  Marine  
  64  5:39  Marine  
  64  5:41  Combat Shield  
  65  5:47  Siege Tank  
  68  5:50  SCV  
  68  5:52  Marine x2  
  68  5:59  Marine  
  68  6:03  Missile Turret  
  69  6:04  Bunker  
  69  6:05  Missile Turret  
  67  6:13  Marine  
  67  6:14  Marine  
  69  6:35  Supply Depot  
  69  6:48  Siege Tank  
  69  6:49  Terran Infantry Weapons Level 1  
  68  7:01  Marine x2  
  59  7:04  Marine  
  56  7:18  Marine  
  56  7:19  Marine  
  56  7:22  Marine  
  49  7:36  Siege Tank, Marine x2  
  52  7:39  Marine  
  53  7:45  Missile Turret  
  54  7:51  SCV  
  54  7:54  Marine x2  
  54  7:57  Marine  
  56  8:08  Siege Tank  
  56  8:12  Marine x2  
  61  8:15  Marine  
  61  8:17  Bunker  
  62  8:20  SCV  
  63  8:30  Marine x2  
  63  8:33  Marine  
Show
View Real Time Build Order
Export as new Build Order

Cyan Protoss - Winner!

Build Orders: 1 Gate Expand, Oracle Opening, Phoenix Opening 

Get SALT Encoding   

  12  0:00  Probe  
  13  0:12  Probe  
  14  0:18  Pylon  
  14  0:24  Probe (Chrono Boost)  
  15  0:37  Probe (Chrono Boost)  
  15  0:38  Gateway  
  16  0:45  Probe (Chrono Boost)  
  16  0:48  Assimilator  
  17  0:51  Probe  
  18  1:03  Probe  
  19  1:15  Probe  
  20  1:25  Cybernetics Core  
  20  1:34  Nexus  
  20  1:36  Probe  
  21  1:44  Pylon  
  21  1:48  Probe  
  22  1:54  Assimilator  
  22  1:59  Adept (Chrono Boost)  
  22  2:00  Probe  
  25  2:13  Probe  
  25  2:22  Stargate  
  25  2:25  Adept, Probe (Chrono Boost)  
  28  2:36  Probe (Chrono Boost)  
  29  2:41  Probe (Chrono Boost)  
  31  2:51  Probe x2  
  31  2:55  Adept  
  34  3:03  Oracle (Chrono Boost), Probe x2  
  36  3:12  Pylon  
  39  3:15  Probe x2  
  41  3:27  Probe  
  41  3:28  Probe, Shield Battery  
  41  3:32  Phoenix (Chrono Boost)  
  45  3:39  Probe  
  45  3:40  Probe  
  47  3:43  Gateway  
  47  3:46  Gateway  
  47  3:51  Phoenix (Chrono Boost), Probe  
  50  4:00  Probe  
  50  4:03  Gateway  
  50  4:04  Probe  
  51  4:10  Shield Battery  
  51  4:11  Warp Gate (Chrono Boost)  
  51  4:12  Pylon  
  51  4:17  Phoenix (Chrono Boost)  
  53  4:29  Probe  
  53  4:33  Probe  
  53  4:35  Adept  
  53  4:36  Phoenix (Chrono Boost)  
  58  4:38  Assimilator  
  58  4:43  Assimilator  
  59  4:47  Pylon  
  59  4:49  Adept x2  
  62  4:56  Probe  
  62  4:57  Probe  
  62  5:05  Robotics Facility  
  62  5:08  Adept, Probe  
  62  5:13  Shield Battery  
  63  5:19  Adept, Phoenix  
  63  5:20  Adept  
  69  5:31  Gateway  
  69  5:32  Pylon  
  69  5:36  Pylon  
  69  5:50  Adept  
  69  5:51  Immortal (Chrono Boost)  
  73  5:58  Adept x2  
  73  6:02  Adept  
  79  6:14  Gateway  
  79  6:16  Pylon  
  79  6:17  Gateway  
  83  6:28  Adept  
  85  6:33  Pylon  
  85  6:35  Immortal (Chrono Boost)  
  85  6:42  Pylon  
  85  6:46  Pylon  
  85  6:47  Pylon  
  63  7:03  Adept x3  
  63  7:07  Immortal (Chrono Boost)  
  67  7:16  Adept  
  67  7:18  Pylon  
  65  7:24  Adept x4  
  65  7:29  Void Ray  
  62  7:41  Adept  
  64  7:49  Adept  
  70  7:52  Sentry x2  
  73  8:08  Shield Battery  
  73  8:10  Adept  
  73  8:11  Adept x2  
  79  8:16  Adept x2  
  60  8:37  Adept  
  60  8:39  Adept x4  

Tags
 
Add a new tag
Caveats
  • Supply blocks, unpowered buildings, or Contaminate may cause inaccurate times.
  • Supply counts are checked every 10 seconds.